 Dungeon Crawl Stone Soup version 0.30-a0-777-ga9a30cbeda (webtiles) character file.

Game seed: 742194966638529018

989 Crownlay the Digger (level 8, -4/44 HPs)
             Began as a Gargoyle Earth Elementalist on Feb 13, 2023.
             Was a Follower of Vehumet.
             Slain by a two-headed ogre
             ... wielding a +0 giant club
              (12 damage)
             ... on level 6 of the Dungeon.
             The game lasted 00:09:27 (5255 turns).

Crownlay the Digger (Gargoyle Earth Elementalist)   Turns: 5255, Time: 00:09:27

Health: -4/44      AC: 10    Str: 18    XL:     8   Next: 18%
Magic:  13/17      EV: 11    Int: 18    God:    Vehumet [*.....]
Gold:   138        SH:  0    Dex: 10    Spells: 15/19 levels left

rFire   . . .      SeeInvis +    l - +8 dagger "Quco" {flame, rPois}
rCold   + . .      Faith    .    (no shield)
rNeg    + . .      Spirit   .    a - +0 robe
rPois   ∞          Reflect  .    B - +2 helmet
rElec   +          Harm     .    (no cloak)
rCorr   .          Rampage  .    (no gloves)
Will    .....                    (no boots)
Stlth   ++                       (no amulet)
HPRegen 0.27/turn                r - ring "Foosta" {rC+ SInv}
MPRegen 0.15/turn                z - +6 ring of strength

@: no status effects
A: sickness immunity, AC +5, negative energy resistance 1, electricity
resistance, torment resistance 1, petrification resistance
a: Renounce Religion


You were on level 6 of the Dungeon.
You worshipped Vehumet.
Vehumet was aware of your devotion.
You visited 1 branch of the dungeon, and saw 6 of its levels.

You collected 198 gold pieces.
You spent 60 gold pieces at shops.

Inventory:

Hand Weapons
 l - the +8 dagger "Quco" (weapon) {flame, rPois}
   (You found it on level 2 of the Dungeon)

   rPois:     It protects you from poison.
Armour
 a - a +0 robe (worn)
 B - a +2 helmet (worn)
Magical Staves
 f - a staff of death
Jewellery
 r - the ring "Foosta" (left hand) {rC+ SInv}
   (You found it on level 3 of the Dungeon)

   [ring of see invisible]

   rC:        It protects you from cold.
   SInv:      It lets you see invisible.
 z - a +6 ring of strength (right hand)
Wands
 y - a wand of flame (18)
Scrolls
 c - 3 scrolls of identify
 d - 3 scrolls of poison
 e - a scroll of silence {unknown}
 h - 3 scrolls of enchant weapon
 i - 3 scrolls of noise
 j - 3 scrolls of teleportation
 k - a scroll of magic mapping {unknown}
 p - a scroll of vulnerability {unknown}
 q - 2 scrolls of amnesia
 u - a scroll of fog {unknown}
 A - a scroll of brand weapon {unknown}
Potions
 b - a potion of magic
 g - 4 potions of curing
 m - a potion of resistance {unknown}
 n - 3 potions of flight
 o - 2 potions of might
 s - a potion of heal wounds {unknown}
 t - a potion of brilliance {unknown}
 v - a potion of degeneration {unknown}
 w - a potion of invisibility {unknown}
 x - a potion of haste {unknown}


   Skills:
 - Level 2.0 Fighting
 - Level 1.5 Dodging
 - Level 2.1 Stealth
 * Level 6.1 Spellcasting
 + Level 3.1 Conjurations
 + Level 1.5 Summonings
 + Level 1.7 Transmutations
 + Level 6.4 Earth Magic


You had 15 spell levels left.
You knew the following spells:

 Your Spells              Type           Power      Damage    Failure   Level
a - Sandblast             Erth           56%        2d13      1%          1
b - Stone Arrow           Conj/Erth      44%        3d9       4%          3

Your spell library contained the following spells:

 Spells                   Type           Power      Damage    Failure   Level
 Freeze                   Ice            20%        1d4       12%         1
 Passwall                 Tmut/Erth      16%        N/A       3%          2
 Kiss of Death            Conj/Necr      44%        2d8       6%          1
 Static Discharge         Conj/Air       22%        2-3/arc   10%         2
 Ensorcelled Hibernation  Hex/Ice        10%        N/A       19%         2
 Petrify                  Tmut/Erth      20%        N/A       22%         4
 Spider Form              Tmut/Pois      8%         N/A       26%         3
 Vhi's Electric Charge    Tloc/Air       10%        N/A       34%         3
 Anguish                  Hex/Necr       2%         N/A       75%         4
 Arcjolt                  Conj/Air       5%         1d15      86%         5
 Lightning Bolt           Conj/Air       5%         1d17      86%         5


Dungeon Overview and Level Annotations

Branches:
Dungeon (6/15)
 Temple: D:4-7

Altars:
Cheibriados
Okawaru
Sif Muna
Vehumet
Xom
The Shining One

Shops:
D:2 ?   D:4 (   D:5 [


Innate Abilities, Weirdness & Mutations

You are immune to sickness and miasma.
Your stone body is resilient. (AC +5)
You are immune to poison.
You resist negative energy. (rN+)
You are resistant to electric shocks. (rElec)
You are resistant to unholy torment.
You are immune to petrification.


Message History

Press ? for a list of commands and other information.
Done exploring.
Done exploring.
Done exploring.
Done exploring.
Done exploring.
Okay, then.
Okay, then.
Okay, then.
Unknown command.
Done exploring.
Done exploring.
Done exploring.
(D) Dungeon
Where to? (? - help) As you open the door, it creaks loudly!
Done exploring.
Done exploring.
Done exploring.
(D) Dungeon
Where to? (Enter - D:6, ? - help)
There is an open door here.
There is a stone staircase leading down here.
You climb downwards.
There is a stone staircase leading up here.
A two-headed ogre is nearby!
The blast of sand hits the two-headed ogre but does no damage.
The blast of sand hits the two-headed ogre!
The two-headed ogre is moderately wounded.
The blast of sand hits the two-headed ogre!
The two-headed ogre is moderately wounded.
The two-headed ogre hits you with a +0 giant club!
The two-headed ogre hits you with a +0 giant club.
The blast of sand hits the two-headed ogre.
The two-headed ogre is heavily wounded.
The two-headed ogre hits you with a +0 giant club!!
Ouch! That really hurt!
* * * LOW HITPOINT WARNING * * *
The two-headed ogre hits you with a +0 giant club!
You die...

########
#.@....#
#..O.#.#
....#....
#....###.....
#..#. .....
#..#. .#.. #.
#. # . #. #.


You could see a two-headed ogre.

Vanquished Creatures
  A water moccasin (D:3)
  Duvessa (D:5)
  An ice beast (D:5)
  An ogre (D:4)
  A necrophage (D:5)
  A scorpion (D:5)
  Dowan (D:5)
  2 howler monkeys (D:5)
  A jelly (D:5)
  An orc priest (D:5)
  2 hounds (D:5)
  Ijyb (D:5)
  3 iguanas
  An orc wizard (D:5)
  An adder (D:2)
  A white imp (D:5)
  2 worms (D:2)
  15 dart slugs
  6 orcs
  6 endoplasms
  3 giant cockroaches (D:1)
  2 hobgoblins
  A quokka (D:3)
  8 ball pythons
  12 bats
  6 frilled lizards
  7 goblins
  13 kobolds
  4 rats (D:1)
105 creatures vanquished.

Notes
Turn   | Place    | Note
-------+----------+-------------------------------------------
     0 | D:1      | Crownlay the Gargoyle Earth Elementalist began the quest
                  | for the Orb.
     0 | D:1      | Reached XP level 1. HP: 10/10 MP: 3/3
   272 | D:1      | Reached XP level 2. HP: 15/15 MP: 3/5
   333 | D:1      | Found a faded altar of an unknown god.
   342 | D:1      | Got Plato's Compendium of Left-Handed Arts
   700 | D:1      | Reached XP level 3. HP: 19/19 MP: 5/7
   704 | D:1      | Learned a level 3 spell: Stone Arrow
  1637 | D:2      | Reached XP level 4. HP: 24/24 MP: 7/9
  1692 | D:2      | Identified the +8 dagger "Quco" {flame, rPois}
  1888 | D:2      | Found Funok's Magic Scroll Boutique.
  1899 | D:2      | Bought a scroll of teleportation for 36 gold pieces
  1899 | D:2      | Bought a scroll of identify for 24 gold pieces
  2255 | D:3      | Found a snail-covered altar of Cheibriados.
  2255 | D:3      | Found a glowing golden altar of the Shining One.
  2256 | D:3      | Found a shimmering blue altar of Sif Muna.
  2343 | D:3      | Found a shimmering altar of Xom.
  2388 | D:3      | Found a radiant altar of Vehumet.
  2402 | D:3      | Identified the ring "Foosta" {rC+ SInv}
  2413 | D:3      | Became a worshipper of Vehumet
  2648 | D:3      | Noticed a water moccasin
  2654 | D:3      | Killed a water moccasin
  2655 | D:3      | Reached skill level 5 in Earth Magic
  2655 | D:3      | Reached XP level 5. HP: 28/28 MP: 4/11
  3277 | D:4      | Found an iron altar of Okawaru.
  3566 | D:4      | Noticed an ogre
  3580 | D:4      | Killed an ogre
  3581 | D:4      | Reached skill level 1 in Fighting
  3581 | D:4      | Reached skill level 1 in Conjurations
  3581 | D:4      | Reached XP level 6. HP: 34/34 MP: 8/13
  3886 | D:4      | Found Alurch's Weapon Boutique.
  3930 | D:5      | Entered Level 5 of the Dungeon
  3937 | D:5      | Reached skill level 5 in Spellcasting
  4003 | D:5      | Noticed an ice beast
  4014 | D:5      | Killed an ice beast
  4015 | D:5      | Reached XP level 7. HP: 23/40 MP: 1/14
  4309 | D:5      | Found Iqey's Armour Shoppe.
  4359 | D:5      | Reached skill level 1 in Transmutations
  4569 | D:5      | Noticed Ijyb
  4586 | D:5      | Reached skill level 1 in Summonings
  4588 | D:5      | Killed Ijyb
  4709 | D:5      | Noticed Dowan
  4711 | D:5      | Noticed Duvessa
  4719 | D:5      | Killed Duvessa
  4720 | D:5      | Reached XP level 8. HP: 27/44 MP: 4/17
  4723 | D:5      | Killed Dowan
  4723 | D:5      | Reached * piety under Vehumet
  4723 | D:5      | Offered knowledge of Freeze by Vehumet.
  4865 | D:5      | Identified the -1 pair of boots of Chill Winds {Drain +Inv
                  | rCorr Int-3}
  5251 | D:6      | Noticed a two-headed ogre
  5255 | D:6      | Slain by a two-headed ogre

Illustrated notes

Levels and vault maps discovered:
D:1:      saegor_arrival_simple_e, layout_loops_corners,
          shapermc_ecumenical_altar_rom_forum, minmay_bisected
D:2:      layout_basic, serial_shops, nicolae_lakefront_shop,
          chequers_serial_rivers_micro_a
D:3:      layout_basic, gammafunk_temple_overflow_claw,
          mainiacjoe_overflow_catch_the_wave
D:4:      layout_basic, old_standard_altar, serial_shops, shop
D:5:      kennysheep_slugbush, layout_basic, serial_shops, shop, uniq_ijyb,
          uniq_duvessa
D:6:      layout_loops_corners, minmay_temple_entry_tees, corexii_checkpoint_a,
          uniq_prince_ribbit1, uniq_pikel

Skill      XL: |  1  2  3  4  5  6  7  8 |
---------------+-------------------------+-----
Earth Magic    | 4 5 6 |  6.4
Spellcasting   | 3 4 5 6 |  6.1
Fighting       | 1 2 |  2.0
Conjurations   | 1 2 3 |  3.1
Transmutations | 1 |  1.7
Summonings     | 1 |  1.5
Dodging        | |  1.5
Stealth        | |  2.1

Action                     |  1- 3 |  4- 6 |  7- 9 || total
---------------------------+-------+-------+-------++-------
  Melee: Unarmed           |     7 |       |       ||     7
         Staff             |     3 |       |       ||     3
         Dagger            |       |     2 |     2 ||     4
   Cast: Sandblast         |    57 |    55 |    61 ||   173
         Stone Arrow       |       |     4 |     3 ||     7
    Use: Scroll            |       |     6 |     1 ||     7
 Armour: Robe              |    17 |     8 |    11 ||    36
  Dodge: Dodged            |    11 |    13 |    31 ||    55

Table legend: (Time is in decaauts)
 A = Elapsed time spent in this place.
 B = Non-inter-level travel time spent in this place.
 C = Inter-level travel time spent in this place.
 D = Time resting spent in this place.
 E = Time spent auto-exploring this place.
 F = Levels seen in this place.
 G = Mean time per level.
                   A        B        C        D        E       F      G
               +--------+--------+--------+--------+--------+-----+--------+
         Total |   5349 |   5164 |    185 |      0 |   4523 |   6 |  891.5 |
       Dungeon |   5349 |   5164 |    185 |      0 |   4523 |   6 |  891.5 |
               +--------+--------+--------+--------+--------+-----+--------+

Top non-repeatable levels by time:
     D:5: 1364 daAuts
     D:1: 1358 daAuts
     D:3: 1134 daAuts
     D:2: 782 daAuts
     D:4: 703 daAuts
     D:6: 5 daAuts
